pestilence, neutral female gnomish Healer -------------- |............-# |............|# -------------- -------|------#####-........%....| ## ### |.[.).).......- # # |.............| ### # #-............. # # -------.----- ### # # # # ### ###### # | --.------- ### |........ dg@"H[ |.........############# | % |......).| ### # . %#...%...$$| # # . |.......$-###### #- .. ---------- ... ... ---- pestilence the Dresser Experience level: 11 Strength: 18/06 Dexterity: 13 Constitution: 18 Intelligence: 10 Wisdom: 15 Charisma: 16 Health: 0(96) Energy: 95(95) Def: 14 Gold: 1642 Moves: 27933 Dungeon seed: KV8qXk70T8bM4w0S Game ID: pestilence_1532176565 Your Inventory: Coins $ - 1642 gold pieces Amulets L - a cursed amulet of reflection (being worn) Weapons k - the +0 Sting l - 6 +0 daggers p - 5 +0 orcish daggers u - 19 +0 darts v - a +0 quarterstaff (weapon in hands) y - 4 +0 elven daggers (in quiver) C - a +2 dagger G - a blessed +1 orcish dagger Y - a poisoned +0 dart Armor a - an uncursed +0 elven mithril-coat (being worn) e - an uncursed +3 pair of leather gloves (being worn) f - a blessed rotted +3 elven leather helm (being worn) D - an uncursed +0 pair of elven boots (being worn) P - an uncursed +0 cloak of displacement (being worn) Comestibles Z - an uncursed partly eaten lizard corpse Scrolls n - an uncursed scroll of teleportation s - a cursed scroll of teleportation W - an uncursed scroll of scare monster Potions J - a cursed potion of extra healing T - an uncursed potion of healing Rings d - an uncursed ring of conflict named 150 o - a cursed ring of shock resistance named cursed z - a cursed ring of invisibility Wands c - a cursed wand of sleep (0:0) g - a cursed wand of teleportation (0:0) h - a cursed wand of teleportation (0:5) i - a cursed wand of undead turning (0:2) j - a wand of striking (0:7) m - a wand of locking (0:5) q - a cursed wand of undead turning (0:7) r - a cursed wand of sleep (0:4) t - a cursed wand of cancellation (0:6) A - a wand of nothing (0:5) B - a wand of cold (0:3) H - a wand of striking (0:5) K - a wand of nothing (0:6) N - a wand of magic missile (0:5) O - a wand of light (0:14) Q - a cursed wand of locking (0:6) R - a cursed wand of lightning (0:4) S - a blessed wand of digging (0:6) V - a cursed wand of teleportation (0:4) X - a cursed wand of secret door detection (0:11) Tools b - an uncursed stethoscope w - an uncursed magic whistle x - a +0 unicorn horn E - a blessed bag of holding F - a cursed sack I - an uncursed lock pick U - an uncursed blindfold Gems M - an uncursed luckstone Contents of the bag of holding: 5210 gold pieces 4 +1 daggers 30 +0 daggers 10 +0 daggers 3 +0 elven daggers a +0 worm tooth 2 uncursed C-rations an uncursed K-ration an uncursed banana 9 uncursed food rations an uncursed orange an uncursed pear 3 uncursed slime molds an uncursed scroll of amnesia 4 uncursed scrolls of blank paper 2 uncursed scrolls of confuse monster an uncursed scroll of destroy armor a cursed scroll of destroy armor a blessed scroll of earth an uncursed scroll of earth an uncursed scroll of enchant weapon an uncursed scroll of fire an uncursed scroll of genocide 2 uncursed scrolls of gold detection 2 uncursed scrolls of light 3 uncursed scrolls of magic mapping an uncursed scroll of punishment a blessed scroll of remove curse 3 uncursed scrolls of teleportation an uncursed spellbook of levitation an uncursed diluted potion of monster detection an uncursed potion of acid an uncursed potion of blindness an uncursed potion of booze a cursed potion of extra healing an uncursed potion of full healing an uncursed potion of gain level a cursed potion of hallucination an uncursed potion of healing 4 potions of holy water an uncursed potion of object detection a blessed potion of oil an uncursed potion of paralysis an uncursed potion of restore ability a blessed potion of speed an uncursed potion of water an uncursed ring of cold resistance an uncursed ring of conflict a cursed -1 ring of gain strength an uncursed ring of polymorph control an uncursed ring of searching a wand of cold (0:6) a wand of cold (0:5) a wand of digging (0:4) a wand of magic missile (0:8) a wand of magic missile (0:7) a cursed wand of magic missile (0:7) a wand of magic missile (0:5) a wand of magic missile (0:3) a wand of make invisible (0:4) a wand of speed monster (0:4) a fire horn (0:4) an uncursed lock pick a magic harp (0:4) a +0 unicorn horn 2 uncursed wax candles (0:400) 2 uncursed agate stones an uncursed amber stone an uncursed amethyst stone 2 uncursed diamonds 2 uncursed emeralds 2 uncursed topaz stones 2 uncursed turquoise stones 2 uncursed worthless pieces of black glass 6 uncursed worthless pieces of blue glass an uncursed worthless piece of green glass 4 uncursed worthless pieces of orange glass 2 uncursed worthless pieces of red glass 2 uncursed worthless pieces of violet glass 5 uncursed worthless pieces of white glass 4 uncursed worthless pieces of yellow glass 5 uncursed worthless pieces of yellowish brown glass Contents of the sack: 4729 gold pieces an uncursed amulet of magical breathing an uncursed food ration 2 uncursed melons 3 uncursed slime molds 3 uncursed scrolls of blank paper 2 uncursed scrolls of confuse monster 2 uncursed scrolls of create monster a blessed scroll of create monster named 100 a blessed scroll of earth an uncursed scroll of earth 2 uncursed scrolls of enchant armor an uncursed scroll of enchant weapon a cursed scroll of food detection 2 uncursed scrolls of identify 2 uncursed scrolls of remove curse a cursed scroll of remove curse an uncursed scroll of scare monster an uncursed scroll of stinking cloud named 150 an uncursed scroll of teleportation a blessed spellbook of extra healing a blessed spellbook of healing a blessed spellbook of stone to flesh 3 uncursed potions of extra healing a cursed potion of extra healing an uncursed potion of gain level an uncursed potion of invisibility an uncursed potion of paralysis an uncursed ring of cold resistance named 75 an uncursed +1 ring of gain constitution named 75 a cursed -1 ring of gain constitution named cursed an uncursed +1 ring of increase accuracy named 57 an uncursed ring of levitation named 100 a cursed ring of poison resistance named 75 a cursed ring of protection from shape changers an uncursed ring of see invisible a cursed wand of create monster (0:12) a wand of create monster (0:9) 2 uncursed agate stones 2 uncursed emeralds named gem an uncursed luckstone an uncursed ruby 2 uncursed worthless pieces of blue glass an uncursed worthless piece of orange glass Spells and supernatural/magical abilities: Name Level Category Fail Memory d - dig 5 matter 100% 64% h - healing 1 healing 42% 60% x - extra healing 3 healing 42% 60% S - stone to flesh 3 healing 66% 76% W - pray for help -- divine ? -- Your skills at the end: Fighting Skills Weapon Skills dagger [Skilled] knife [Basic] quarterstaff [Skilled] Spellcasting Skills healing spells [Skilled] Final Attributes: You were piously aligned. You were fire resistant. You were cold resistant. You were poison resistant. You were telepathic. You had infravision. You were displaced. You were stealthy. You were fast. You had reflection. You were lucky. You had extra luck. Bad luck did not time out for you. Good luck did not time out for you. You are dead. Vanquished creatures: an Aleax a black pudding a vampire 2 giant mimics a large mimic a couatl 6 small mimics 2 xans an ogre lord a quantum mechanic 2 sasquatches 2 wood golems a gelatinous cube a large dog 5 flaming spheres 2 large cats 3 tigers 3 gargoyles a tengu 2 leocrottas 2 mountain centaurs a stone giant 3 elf mummies 2 human mummies a python 2 carnivorous apes 3 ettin zombies 4 leather golems 6 Grey-elves an incubus 3 chameleons 2 crocodiles 6 giant beetles 2 quivering blobs 8 wolves 6 winter wolf cubs 3 lynxes a panther 8 gremlins 51 leprechauns 2 orc-captains 5 giant spiders 2 scorpions a horse 4 ice vortices a black light 3 vampire bats a gnome king 3 orc mummies 3 dwarf mummies an ogre 4 brown puddings a rust monster 2 owlbears 4 yetis 2 gold golems a werewolf 5 Green-elves 11 lizards 2 chickatrices a dingo 2 housecats 5 jaguars a dwarf lord a blue jelly a white unicorn a black unicorn a dust vortex a raven a gnome mummy 4 snakes 4 apes 11 human zombies 2 rope golems 7 Woodland-elves 3 soldier ants 6 bugbears 4 imps 2 quasits 3 wood nymphs 5 water nymphs 3 mountain nymphs 2 Mordor orcs 6 Uruk-hai 7 rock piercers 6 rock moles 3 fog clouds 6 yellow lights a violet fungus a gnomish wizard 3 kobold mummies 2 golden naga hatchlings 6 gray oozes 2 elf zombies a ghoul a straw golem a baby crocodile 12 giant ants 2 little dogs 14 floating eyes 6 kittens a dwarf 5 homunculi 2 kobold lords 2 kobold shamans 15 hill orcs 14 rothes 4 rabid rats 3 centipedes 4 giant bats 3 monkeys 5 orc zombies 8 dwarf zombies 2 wererats a werejackal 11 iguanas 8 killer bees 5 acid blobs 16 coyotes 6 gas spores 8 hobbits 13 manes 5 large kobolds 18 hobgoblins 15 giant rats 12 cave spiders 3 brown molds 5 yellow molds 3 green molds a red mold 7 gnomes 26 garter snakes 3 gnome zombies 11 geckos 27 jackals 4 foxes 7 kobolds 4 goblins 8 sewer rats 7 grid bugs 8 bats 18 lichens 4 kobold zombies 14 newts 709 creatures vanquished. Voluntary challenges: You used a wielded weapon 1169 times, starting on turn 18. You read items or engraved 336 times, starting on turn 832. You never genocided any monsters. You never polymorphed an object. You changed form 1 time, starting on turn 10005. You used no wishes. You never split a pudding. You wrote Elbereth's name 233 times, starting on turn 2416. You violated your moral code, losing 113 points of alignment, starting on turn 1869. Dungeon overview: The Dungeons of Doom: levels 1 to 14 Level 1 a fountain a long staircase Level 2 Level 3 a fountain Level 4 stairs to The Gnomish Mines Level 5 a fountain Level 6 some fountains Level 7 a fountain Level 8 many fountains Level 9 a sink stairs to Sokoban Level 10 a general store, a fountain Level 11 a fountain Level 12 a fountain Level 13 Level 14 <- You were here The Gnomish Mines: levels 5 to 12 Level 5 stairs to The Dungeons of Doom Level 6 Level 7 Level 8 some shops, a temple to Poseidon, some fountains, a sink Level 9 Level 10 Level 11 Level 12 Sokoban: levels 5 to 8 Level 5 Level 6 Level 7 Level 8 stairs to The Dungeons of Doom History has recorded: On T:1 you entered the Dungeons of Doom to retrieve the Amulet of Yendor! On T:301 you reached level 2 of The Dungeons of Doom. On T:385 you reached level 3 of The Dungeons of Doom. On T:1013 you advanced to experience level 2. On T:1049 you reached level 4 of The Dungeons of Doom. On T:1387 you advanced to experience level 3. On T:1404 you reached level 1 of The Gnomish Mines. On T:1443 you reached level 5 of The Dungeons of Doom. On T:1810 you reached level 6 of The Dungeons of Doom. On T:2317 you advanced to experience level 4. On T:2935 you reached level 2 of The Gnomish Mines. On T:3342 you advanced to experience level 5. On T:4645 you advanced to experience level 6. On T:5399 you reached level 7 of The Dungeons of Doom. On T:6013 you reached level 8 of The Dungeons of Doom. On T:6753 you advanced to experience level 7. On T:8346 you reached level 3 of The Gnomish Mines. On T:8612 you reached level 4 of The Gnomish Mines. On T:9161 you advanced to experience level 8. On T:9836 you reached level 5 of The Gnomish Mines. On T:10678 you reached level 6 of The Gnomish Mines. On T:12811 you advanced to experience level 9. On T:13991 you reached level 9 of The Dungeons of Doom. On T:14114 you reached level 4 of Sokoban. On T:14544 you reached level 3 of Sokoban. On T:15768 you reached level 2 of Sokoban. On T:16388 you reached level 1 of Sokoban. On T:18693 you reached level 10 of The Dungeons of Doom. On T:18808 you reached level 11 of The Dungeons of Doom. On T:20361 you advanced to experience level 10. On T:20413 you reached level 12 of The Dungeons of Doom. On T:20533 you reached level 13 of The Dungeons of Doom. On T:20863 you reached level 14 of The Dungeons of Doom. On T:21689 you advanced to experience level 11. On T:24381 you reached level 7 of The Gnomish Mines. On T:25117 you reached level 8 of The Gnomish Mines. Score breakdown: Gold: 10354 (13658 points) Experience: 11 levels (17616 points) Exploration: 14 levels ( 29.17%) (15777 points) Discoveries: 37 items ( 12.67%) (10679 points) Valuables value: (no points given unless you survive) Artifact value: 800 ( 9877 points) Variety of kills: 144 monsters ( 37.80%) (18443 points) Turncount: 27933 turns (-3896 points) Survival: died (score multiplied by 80%) Total score: 65723 Latest messages: s - a scroll of teleportation. t - a jeweled wand. z - a tiger eye ring. Your knapsack cannot accommodate any more items. There are many more objects here. You see here 2 daggers. You see here a dagger. The winged gargoyle hits! (2x) The winged gargoyle bites! The winged gargoyle hits! The winged gargoyle just misses! The winged gargoyle bites! You see here 2 daggers. The winged gargoyle hits! (2x) The winged gargoyle misses. You write in the dust with your fingers. The winged gargoyle hits! (2x) The winged gargoyle bites! To break wands, use the 'invoke' command (typically on 'V'). You feel an absence of magical power. The winged gargoyle hits! (2x) The winged gargoyle bites! The winged gargoyle hits! You die... Final status: Goodbye pestilence the Healer, killed by a winged gargoyle... You died in The Dungeons of Doom on dungeon level 14 with 65723 points, and 11581 pieces of gold, after 27933 moves. You were level 11 with a maximum of 96 hit points when you died.